Map: Ley Lines

Players

Sepsis

  • Race: Zerg Zerg
  • League: Platinum
  • Spawn Location: 7:00

ManlyManMeat - Winner!

  • Race: Zerg Zerg
  • League: Platinum
  • Spawn Location: 1:00

VOD

Have the link to the VOD?

Description

Time

  • Played on: June 21, 2025, 6:24 a.m.
  • Length: 11:45
Show
View Real Time Build Order
Export as new Build Order

Sepsis Zerg 

Build Orders: Hatch First 

Get SALT Encoding   

  12  0:02  Drone  
  13  0:08  Drone  
  14  0:17  Extractor  
  14  0:18  Drone  
  15  0:22  Overlord  
  15  0:44  Hatchery  
  15  0:47  Drone  
  15  0:52  Drone  
  15  0:55  Drone  
  17  0:58  Drone  
  17  1:02  Extractor  
  17  1:17  Spawning Pool  
  16  1:19  Drone  
  16  1:23  Drone  
  18  1:32  Drone  
  19  1:42  Drone  
  20  1:52  Drone  
  21  1:56  Drone  
  22  2:02  Drone  
  22  2:03  Queen  
  22  2:04  Queen  
  27  2:10  Overlord  
  27  2:14  Drone  
  28  2:29  Drone x3  
  31  2:36  Drone  
  32  2:38  Drone  
  33  2:45  Queen  
  33  2:50  Overlord  
  35  3:01  Drone  
  36  3:06  Queen  
  36  3:13  Zergling x12  
  36  3:14  Zergling x4  
  42  3:22  Spine Crawler  
  35  3:41  Evolution Chamber  
  35  3:42  Roach Warren  
  35  3:44  Queen x2  
  37  3:50  Drone  
  37  3:51  Drone  
  39  3:59  Drone  
  39  4:00  Drone x2  
  42  4:07  Zerg Missile Weapons Level 1  
  42  4:11  Spine Crawler  
  42  4:12  Drone  
  42  4:14  Drone  
  43  4:19  Metabolic Boost  
  43  4:24  Drone  
  44  4:35  Zergling x10  
  44  4:37  Zergling x2  
  42  4:48  Drone x2  
  42  4:49  Overlord x2  
  44  5:11  Roach x5  
  44  5:12  Roach x2  
  54  5:16  Roach  
  54  5:20  Roach x2  
  58  5:32  Ravager x2  
  58  5:34  Overlord  
  58  5:48  Queen  
  60  5:52  Queen  
  60  5:57  Drone x5  
  67  6:12  Extractor  
  67  6:13  Roach  
  67  6:15  Overlord  
  67  6:17  Overlord  
  68  6:33  Lair  
  68  6:34  Drone x4  
  72  6:46  Roach x5  
  77  6:51  Hatchery  
  76  6:55  Roach  
  78  7:20  Ravager  
  79  7:24  Drone x3  
  79  7:29  Extractor  
  81  7:36  Extractor  
  80  7:45  Ravager  
  80  7:46  Zergling x2  
  80  7:47  Zergling x4  
  80  7:48  Overlord x4  
  80  7:49  Overlord x2  
  84  7:55  Drone, Evolution Chamber x2  
  83  8:13  Drone x3  
  83  8:14  Drone x3  
  83  8:17  Roach x2  
  85  8:27  Roach x3  
  85  8:33  Drone  
  81  8:39  Zergling x8  
  81  8:41  Zerg Ground Armor Level 1  
  85  8:42  Zerg Melee Weapons Level 1  
  85  8:49  Hydralisk Den  
  84  8:59  Spine Crawler  
  84  9:01  Roach x4  
  91  9:08  Spine Crawler  
  90  9:15  Roach x2  
  90  9:16  Zergling x10, Roach  
  90  9:17  Zergling x6  
  104  9:18  Drone x2  
  107  9:24  Drone  
  107  9:33  Ravager x2  
  109  9:39  Glial Reconstitution  
  109  10:04  Hydralisk x5  
  109  10:06  Hatchery  
  109  10:07  Hydralisk  
  96  10:21  Roach  
  96  10:22  Hydralisk x2  
  96  10:23  Hydralisk  
  87  10:34  Hydralisk x2  
  87  10:35  Roach  
  79  10:42  Drone x4  
  83  10:43  Drone x4  
  87  10:56  Drone x2, Extractor  
  87  10:57  Drone x3  
  90  10:59  Extractor  
  90  11:02  Zergling x4  
  90  11:03  Zergling x2  
  93  11:26  Spore Crawler  
Show
View Real Time Build Order
Export as new Build Order

ManlyManMeat Zerg - Winner!

Build Orders: Hatch First, Zergling Baneling 

Get SALT Encoding   

  12  0:00  Drone  
  13  0:08  Drone  
  13  0:13  Extractor  
  13  0:16  Drone  
  15  0:22  Overlord  
  16  0:42  Drone  
  16  0:47  Hatchery  
  15  0:51  Drone  
  15  0:55  Drone  
  17  1:07  Extractor  
  16  1:13  Spawning Pool  
  15  1:22  Drone x2  
  15  1:23  Drone  
  18  1:34  Drone  
  19  1:45  Drone  
  20  2:00  Queen x2  
  24  2:03  Zergling x2  
  24  2:04  Zergling x2  
  26  2:10  Metabolic Boost  
  26  2:16  Zergling x2  
  26  2:17  Zergling x2  
  28  2:26  Overlord  
  28  2:35  Baneling Nest  
  27  2:40  Drone  
  28  2:54  Drone x3  
  28  2:55  Drone x3  
  33  3:16  Zergling x2  
  33  3:17  Zergling x2  
  35  3:26  Hatchery  
  34  3:29  Zergling x2  
  34  3:30  Zergling x2  
  35  3:34  Zergling x2  
  35  3:35  Zergling x4  
  35  3:39  Baneling x3  
  36  3:50  Evolution Chamber  
  35  4:01  Zergling x2  
  36  4:02  Overlord  
  36  4:03  Overlord  
  36  4:14  Baneling x4  
  36  4:22  Drone x8, Extractor  
  36  4:23  Drone x3  
  40  4:40  Zergling x2  
  40  4:41  Zergling x10  
  40  4:44  Baneling x2  
  45  4:54  Zergling x2  
  45  4:55  Zergling x4  
  48  5:02  Zergling x4  
  50  5:08  Drone  
  50  5:14  Hatchery  
  50  5:17  Baneling  
  50  5:18  Baneling  
  50  5:19  Baneling  
  50  5:20  Baneling  
  50  5:21  Zergling x18  
  57  5:23  Overlord  
  50  5:43  Drone x2  
  50  5:44  Drone x4  
  50  5:46  Queen  
  50  5:47  Queen  
  59  5:51  Zerg Melee Weapons Level 1  
  59  5:55  Drone x2  
  61  5:57  Drone x2, Evolution Chamber  
  61  5:59  Drone  
  61  6:06  Zergling x2  
  61  6:07  Zergling x8  
  66  6:20  Overlord  
  66  6:21  Overlord  
  66  6:27  Zergling x2  
  66  6:28  Zergling x10  
  64  6:45  Zergling x10  
  56  6:52  Zergling x6  
  55  6:56  Queen  
  57  7:02  Zergling x10  
  62  7:14  Drone x6  
  66  7:16  Lair  
  65  7:23  Zergling x2  
  65  7:24  Zergling x2  
  66  7:40  Zergling x16  
  74  7:55  Zergling x16  
  82  8:15  Hatchery  
  82  8:16  Spire  
  82  8:18  Zergling x4  
  82  8:24  Hatchery  
  78  8:40  Extractor  
  78  8:41  Extractor  
  76  8:44  Zerg Ground Armor Level 1  
  76  8:47  Drone x3  
  76  8:48  Drone x3  
  82  8:49  Overlord x2  
  82  8:59  Overlord x2  
  82  9:00  Overlord  
  76  9:20  Drone x7  
  76  9:21  Drone x4  
  76  9:23  Drone x3, Extractor  
  89  9:24  Drone x3  
  89  9:25  Extractor  
  89  9:29  Queen  
  89  9:31  Mutalisk x4  
  101  9:41  Drone x7  
  108  9:53  Baneling x4  
  108  9:54  Baneling x2  
  97  10:23  Zergling x22  
  97  10:24  Zergling x22  
  111  10:38  Drone x4  
  115  10:49  Mutalisk x5  
  125  10:59  Overlord x5  
  125  11:00  Overlord  
  125  11:10  Zergling x2  
  126  11:21  Zergling x32  
  126  11:22  Zergling x6  
Tags
 
Add a new tag
Caveats
  • Supply blocks, unpowered buildings, or Contaminate may cause inaccurate times.
  • Supply counts are checked every 10 seconds.